 Dungeon Crawl Stone Soup version 0.22-a0-525-gf69a080 (webtiles) character file.

69 Darkshadow the Chopper (level 4, -5/40 HPs)
             Began as a Hill Orc Monk on June 21, 2018.
             Slain by a gnoll
             ... wielding a cursed -2 halberd
              (10 damage)
             ... on level 2 of the Dungeon.
             The game lasted 00:07:26 (1961 turns).

Darkshadow the Chopper (Hill Orc Monk)              Turns: 1961, Time: 00:07:26

Health: -5/40      AC:  8    Str: 14    XL:     4   Next: 20%
Magic:  4/4        EV:  7    Int: 10    God:
Gold:   49         SH:  0    Dex: 13    Spells: 3/3 levels left

rFire    . . .     SeeInvis .   a - +0 hand axe
rCold    . . .     Gourm    .   (no shield)
rNeg     . . .     Faith    .   g - +0 chain mail
rPois    .         Spirit   .   (no helmet)
rElec    .         Reflect  .   (no cloak)
rCorr    .         Harm     .   (no gloves)
MR       .....                  (no boots)
Stlth    ..........             (no amulet)
HPRegen  0.13/turn              (no ring)
MPRegen  0.09/turn              (no ring)

@: lethally poisoned (-5 -> -7)
A: no striking features
a: no special abilities


You were on level 2 of the Dungeon.
You were not hungry.

You visited 1 branch of the dungeon, and saw 3 of its levels.

You collected 49 gold pieces.

Inventory:

Hand Weapons
 a - a +0 hand axe (weapon)
 n - a cursed -1 hunting sling
Missiles
 d - 43 stones (quivered)
Armour
 b - a +0 robe
 g - a +0 chain mail (worn)
Jewellery
 f - an uncursed amulet of faith {unknown}
 t - an uncursed ring of positive energy {unknown}
Scrolls
 e - 2 scrolls of random uselessness
 j - a scroll of identify {@r1}
 k - a scroll of noise
 o - a scroll of remove curse {unknown}
 p - 2 scrolls of teleportation {unknown}
 q - a scroll of enchant weapon {unknown}
Potions
 i - a potion of curing {unknown}
 l - a potion of lignification {unknown}
 r - a potion of might {unknown}
 s - 2 potions of agility
Comestibles
 c - 7 rations


   Skills:
 + Level 4.3 Fighting
 * Level 5.2 Axes
 + Level 1.5 Armour
 - Level 2.5 Dodging
 - Level 1.7 Stealth


You had 3 spell levels left.
You didn't know any spells.
Your spell library was empty.

Dungeon Overview and Level Annotations

Branches:
Dungeon (3/15)

Altars:
Nemelex Xobeh

Annotations:
D:2 Sigmund


Message History

* * * LOW HITPOINT WARNING * * *
The adder bites you but does no damage. The hobgoblin closely misses you.
The gnoll hits you with a halberd.
* * * LOW HITPOINT WARNING * * *
You hit the adder.
The adder is almost dead.
You hit the hobgoblin.
You kill the hobgoblin!
You hit the gnoll but do no damage. The adder bites you.
* * * LOW HITPOINT WARNING * * *
The adder bites you but does no damage.
Your chain mail prevents you from hitting the adder.
The adder is almost dead.
You closely miss the gnoll. The gnoll barely misses you.
The adder barely misses you.
You barely miss the adder.
The adder is almost dead.
You hit the gnoll but do no damage.
You feel sick. The adder bites you but does no damage.
The gnoll hits you with a halberd!
You die...

.# #.#.... .# #.#....
.############## ######
##.#P... .[............#
#..... ..#.PPP
#############.# #.##.#
#.#.... #.# #.##.# ##.##P#.
###### #.# #.##.# #.......
.....########.####.##.#
#.#...##
####...........†@[.##.#
#.##.###
##########..gS.....####.##.#
# ########.....).##.# #
##.#######.# # #.# #.# #.#
#.# #.. ..# ### ###


You could see a gnoll and an adder.

Vanquished Creatures
  2 adders
  2 dart slugs (D:1)
  An orc (D:3)
  A ball python (D:3)
  7 goblins
  8 hobgoblins
  9 kobolds
  4 bats (D:1)
  4 frilled lizards
  6 rats
44 creatures vanquished.

Notes
Turn   | Place    | Note
-------+----------+-------------------------------------------
     0 | D:1      | Darkshadow the Hill Orc Monk began the quest for the Orb.
     0 | D:1      | Reached XP level 1. HP: 19/19 MP: 1/1
   181 | D:1      | Reached XP level 2. HP: 25/27 MP: 2/2
   629 | D:1      | Reached XP level 3. HP: 33/33 MP: 3/3
   982 | D:1      | Found a sparkling altar of Nemelex Xobeh.
  1228 | D:2      | Reached skill level 1 in Armour
  1435 | D:2      | Reached skill level 5 in Axes
  1648 | D:2      | Noticed Sigmund
  1814 | D:3      | Reached XP level 4. HP: 36/40 MP: 4/4
  1961 | D:2      | Slain by a gnoll

Vault maps used:
D:1:      dpeg_arrival_signposts, nemelex_diamond_rough_becter
D:2:      cheibrodos_old_hovel, first_ration, minmay_tetromino_i4,
          uniq_crazy_yiuf_cottage, uniq_sigmund
D:3:      fedhas_altar_4, led_sif_book, xom_redecorated

Skill      XL: |  1  2  3 |
---------------+----------+-----
Fighting       | 4 |  4.3
Armour         | 1 |  1.5
Axes           | 5 |  5.2
Dodging        | |  2.5
Stealth        | |  1.7

Action                   |  1- 3 |  4- 6 || total
-------------------------+-------+-------++-------
Melee: Hand axe          |   110 |    37 ||   147
Throw: Stone             |    25 |     3 ||    28
       Javelin           |    17 |     1 ||    18
  Use: Scroll            |       |     4 ||     4
  Eat: Ration            |     1 |       ||     1
Armor: Chain mail        |    60 |    25 ||    85
       Robe              |     1 |       ||     1
Dodge: Dodged            |    29 |    14 ||    43

Table legend:
 A = Spawn XP
 B = Non-spawn XP
 C = Spawn XP percentage of total XP
 D = Spawn monster count
 E = Non-spawn monster count
 F = Spawn count percentage of total count
 G = Total turns spent on level
                    A         B        C        D         E        F      G
               +---------+---------+-------+---------+---------+-------+---------
         Total |       0 |      99 |   0.0 |       0 |      44 |   0.0 |  1961
               +---------+---------+-------+---------+---------+-------+---------
           D:1 |       0 |      43 |   0.0 |       0 |      25 |   0.0 |  1185
           D:2 |       0 |      31 |   0.0 |       0 |      12 |   0.0 |   655
           D:3 |       0 |      25 |   0.0 |       0 |       7 |   0.0 |   121
               +---------+---------+-------+---------+---------+-------+---------
